 Dungeon Crawl Stone Soup version 0.30-a0-879-ga8ba668304 (console) character file.

Game seed: 1134279173624962241

77 Ignak the Ogre Mage (level 4, 0/42 HPs)
             Began as an Ogre Hedge Wizard on Mar 13, 2023.
             Slain by a gnoll
             ... wielding a +0 club
              (7 damage)
             ... on level 3 of the Dungeon.
             The game lasted 00:05:24 (1997 turns).

Ignak the Ogre Mage (Ogre Hedge Wizard)             Turns: 1997, Time: 00:05:24

Health: 0/42       AC:  3    Str: 16    XL:     4   Next: 33%
Magic:  8/10       EV:  9    Int: 15    God:
Gold:   39         SH:  0    Dex:  8    Spells: 3/11 levels left

rFire   . . .      SeeInvis +    r - +2 club (spect)
rCold   . . .      Faith    .    (no shield)
rNeg    . . .      Spirit   .    b - +0 robe
rPois   .          Reflect  .    c - +0 hat
rElec   .          Rampage  .    (no cloak)
rCorr   .                        (gloves unavailable)
Will    .....                    (boots unavailable)
Stlth   +                        (no amulet)
HPRegen 0.27/turn                i - ring of see invisible
MPRegen 0.12/turn                (no ring)

@: no status effects
A: large, unfitting armour, tough skin 1
a: no special abilities


You were on level 3 of the Dungeon.
You visited 1 branch of the dungeon, and saw 3 of its levels.

You collected 39 gold pieces.

Inventory:

Hand Weapons
 r - a +2 spectral club (weapon)
Missiles
 m - a throwing net
Armour
 b - a +0 robe (worn)
 c - a +0 hat (worn)
Jewellery
 i - a ring of see invisible (left hand)
Scrolls
 a - 3 scrolls of magic mapping {unknown}
 f - 3 scrolls of teleportation {unknown}
 g - a scroll of silence {unknown}
 h - 2 scrolls of enchant armour {unknown}
 j - a scroll of immolation {unknown}
 k - a scroll of noise {unknown}
 l - 2 scrolls of poison {unknown}
 p - a scroll of torment {unknown}
Potions
 d - a potion of magic
 e - a potion of flight {unknown}
 n - 2 potions of degeneration {unknown}
 o - a potion of mutation {unknown}
 q - a potion of curing {unknown}


   Skills:
 + Level 1.9 Fighting
 + Level 0.6 Maces & Flails
 + Level 2.1 Dodging
 - Level 1.4 Stealth
 + Level 4.0 Spellcasting
 + Level 1.5 Conjurations
 - Level 0.8 Summonings
 + Level 1.6 Translocations
 + Level 0.4 Air Magic
 + Level 0.3 Poison Magic


You had 3 spell levels left.
You knew the following spells:

 Your Spells              Type           Power      Damage    Failure   Level
a - Magic Dart            Conj           28%        1d4       10%         1
b - Blink                 Tloc           16%        N/A       14%         2
d - Mephitic Cloud        Conj/Pois/Air  5%         N/A       36%         3
e - Call Imp              Summ           5%         N/A       19%         2

Your spell library contained the following spells:

 Spells                   Type           Power      Damage    Failure   Level
 Slow                     Hex            12%        N/A       19%         1
 Cigotuvi's Dreadful Rot  Necr/Pois/Air  6%         N/A       24%         2


Dungeon Overview and Level Annotations

Branches:
Dungeon (3/15)

Altars:


Innate Abilities, Weirdness & Mutations

You are too large for most types of armour.
You have tough skin. (AC +1)


Message History

A gnoll comes into view. It is wielding a +0 whip.
The gnoll closely misses you.
A gnoll comes into view. It is wielding a +0 spear.
You hit the gnoll.
The gnoll is severely wounded.
Your +2 spectral club barely misses the gnoll.
The gnoll misses your +2 spectral club.
The gnoll hits you with a +0 whip.
Casting: Call Imp (safe; 19% risk of failure)
Confirm with . or Enter, or press ? or * to list all spells.
A beastly little devil appears in a puff of frigid air.
The gnoll hits you with a +0 club. The gnoll hits you with a +0 whip!
The gnoll hits you from afar with a +0 spear.
The gnoll attacks as you move away! The gnoll hits you with a +0 whip!
A gnoll comes into view. It is wielding a +0 halberd.
The gnoll barely misses your white imp.
Your white imp hits the gnoll but does no damage.
Press: ? - help, v - describe, . - travel
Here: a gnoll, wielding a +0 club (severely wounded, ally target)
The floor.
The gnoll hits your white imp but does no damage.
The gnoll closely misses your white imp.
Your white imp completely misses the gnoll.
You hit the gnoll.
The gnoll is severely wounded.
Your +2 spectral club barely misses the gnoll.
The gnoll barely misses you. The gnoll barely misses your white imp.
The gnoll closely misses your white imp.
The gnoll hits your white imp with a +0 whip.
Your white imp gestures at the gnoll.
The puff of frost hits the gnoll!
You barely miss the gnoll.
The gnoll is severely wounded.
Your +2 spectral club barely misses the gnoll.
The gnoll hits you with a +0 club!
* * * LOW HITPOINT WARNING * * *
The gnoll hits your white imp with a +0 spear!
Your white imp dies!
Your white imp disappears in a puff of smoke!
The gnoll hits you with a +0 club!
You die...

#########
#####.#.#.#.#.
#......#.#.#.#
#.......#.#.#
#......#.#.#
####.......#.#
#.........#.#
#.#..).(.g.#.#
#<†.@gg.#.#.#
##†.†.g..#.#.#
#...+#.#.#.#.#
+...#.#.#.#.#.#
#....# #.#.#.#.
.....#.# #.#.#.
.....$.#.#
#.#.#
###...#.#. #.#.


You could see 4 gnolls and a friendly +2 spectral club (summoned).

Vanquished Creatures
  3 endoplasms
  3 giant cockroaches
  8 goblins
  4 hobgoblins
  4 jackals
  A kobold (D:1)
  4 ball pythons
  5 bats
  5 frilled lizards
  5 rats
42 creatures vanquished.

Vanquished Creatures (collateral kills)
  Jessica (D:2)
  An endoplasm (D:2)
  A giant cockroach (D:1)
  A jackal (D:3)
  A kobold (D:3)
5 creatures vanquished.

Vanquished Creatures (others)
  2 plants (D:1)
2 creatures vanquished.

Grand Total: 49 creatures vanquished

Notes
Turn   | Place    | Note
-------+----------+-------------------------------------------
     0 | D:1      | Ignak the Ogre Hedge Wizard began the quest for the Orb.
     0 | D:1      | Reached XP level 1. HP: 16/16 MP: 5/5
    52 | D:1      | Reached skill level 1 in Conjurations
    52 | D:1      | Reached skill level 1 in Translocations
   136 | D:1      | Reached XP level 2. HP: 19/26 MP: 1/6
   348 | D:1      | Reached skill level 1 in Fighting
   379 | D:1      | Learned a level 2 spell: Call Imp
   382 | D:1      | Learned a level 2 spell: Blink
   767 | D:1      | Reached XP level 3. HP: 33/33 MP: 8/8
   873 | D:1      | Learned a level 3 spell: Mephitic Cloud
  1446 | D:2      | Noticed Jessica
  1472 | D:2      | Killed Jessica
  1473 | D:2      | Reached skill level 4 in Spellcasting
  1473 | D:2      | Reached XP level 4. HP: 39/42 MP: 5/10
  1997 | D:3      | Slain by a gnoll

Illustrated notes

Levels and vault maps discovered:
D:1:      eino_arrival_cavern_b, layout_loops_ring, serial_forest,
          infiniplex_forest_zigzag_1, infiniplex_forest_lined_3,
          infiniplex_forest_pool, infiniplex_forest_join,
          infiniplex_forest_clump_double, infiniplex_forest_join, minivault_27,
          minmay_split_cup_small
D:2:      layout_basic, hangedman_abyss_or_decor_lesser_grid, uniq_jessica
D:3:      layout_basic, led_sif_book, basic_ecumenical_altar

Skill      XL: |  1  2  3 |
---------------+----------+-----
Conjurations   | 1 |  1.5
Translocations | 1 |  1.6
Fighting       | 1 |  1.9
Dodging        | 2 |  2.1
Spellcasting   | 4 |  4.0
Maces & Flails | |  0.6
Stealth        | |  1.4
Summonings     | |  0.8
Air Magic      | |  0.4
Poison Magic   | |  0.3

Action                     |  1- 3 |  4- 6 || total
---------------------------+-------+-------++-------
  Melee: Dagger            |    59 |       ||    59
         Spear             |    88 |       ||    88
         Club              |       |    19 ||    19
   Cast: Magic Dart        |    26 |       ||    26
         Call Imp          |     3 |     2 ||     5
         Mephitic Cloud    |     1 |       ||     1
   Stab: Sleeping          |     4 |       ||     4
         Confused          |     1 |       ||     1
 Armour: Robe              |    55 |     3 ||    58
  Dodge: Dodged            |    76 |     7 ||    83

Table legend: (Time is in decaauts)
 A = Elapsed time spent in this place.
 B = Non-inter-level travel time spent in this place.
 C = Inter-level travel time spent in this place.
 D = Time resting spent in this place.
 E = Time spent auto-exploring this place.
 F = Levels seen in this place.
 G = Mean time per level.
                   A        B        C        D        E       F      G
               +--------+--------+--------+--------+--------+-----+--------+
         Total |   2008 |   1949 |     59 |     63 |   1264 |   3 |  669.3 |
       Dungeon |   2008 |   1949 |     59 |     63 |   1264 |   3 |  669.3 |
               +--------+--------+--------+--------+--------+-----+--------+

Top non-repeatable levels by time:
     D:1: 1237 daAuts
     D:2: 703 daAuts
     D:3: 67 daAuts
